 Seeded DCSS version 0.31-a0-222-gefeffbb62a (webtiles) character file.

Game seed: 14784897493659367010 (custom seed)

4 innerfire43 the Trooper (level 1, -1/18 HPs)
             Began as a Demonspawn Monk on July 5, 2023.
             Frozen to death by an endoplasm (3 damage)
             ... on level 1 of the Dungeon.
             The game lasted 00:00:05 (89 turns).

innerfire43 the Trooper (Demonspawn Monk)             Turns: 89, Time: 00:00:06

Health: -1/18      AC:  2    Str: 11    XL:     1   Next: 50%
Magic:  1/1        EV: 13    Int: 11    God:
Gold:   8          SH:  0    Dex: 15    Spells: 0/0 levels left

rFire   . . .        a - +0 hand axe
rCold   . . .        d - orb {light}
rNeg    . . .        b - +0 robe
rPois   .            (no helmet)
rElec   .            (no cloak)
rCorr   .            (no gloves)
SInv    .            (no boots)
Will    .....        (no amulet)
Stlth   +            (no ring)
HPRegen 0.23/turn    (no ring)
MPRegen 0.07/turn

%: no passive effects
@: glowing
A: no striking features
a: no special abilities


You were on level 1 of the Dungeon.
You visited 1 branch of the dungeon, and saw 1 of its levels.

You collected 8 gold pieces.

Inventory:

Hand Weapons
 a - a +0 hand axe (weapon)
Armour
 b - a +0 robe (worn)
 d - an orb of light (worn)
Potions
 c - a potion of ambrosia
 e - a potion of lignification {unknown}


   Skills:
 + Level 3.0 Fighting
 + Level 2.8 Axes
 + Level 2.8 Dodging


You couldn't memorise any spells.
You didn't know any spells.
Your spell library was empty.

Dungeon Overview and Level Annotations

Branches:
Dungeon (1/15)

Altars:


Message History

There are monsters nearby!
You closely miss the goblin.
The goblin is severely wounded.
You hit the frilled lizard but do no damage.
The goblin hits you but does no damage. The frilled lizard bites you.
Unknown command.
There are monsters nearby!
Unknown command.
There are monsters nearby!
You barely miss the goblin.
The goblin is severely wounded.
You closely miss the frilled lizard. The goblin hits you with a +0 club.
The frilled lizard bites you. The goblin hits you with a +0 club.
The frilled lizard bites you.
Unknown command.
There are monsters nearby!
You are too injured to fight recklessly!
Unknown command.
There are monsters nearby!
You are too injured to fight recklessly!
Unknown command.
You barely miss the frilled lizard. You hit the goblin.
You kill the goblin!
The frilled lizard hisses.
The frilled lizard barely misses you.
You slash the frilled lizard!
You kill the frilled lizard!
You hit the endoplasm. The endoplasm misses you.
Unknown command.
The endoplasm freezes you.
You are frozen.
* * * LOW HITPOINT WARNING * * *
Things that are here:
a +0 dagger; a frilled lizard corpse; a goblin corpse Unknown command.
You hit the endoplasm but do no damage.
The endoplasm is moderately wounded.
The endoplasm freezes you.
You are frozen.
You die...

### ..# #.# #.#
#.# #.# #.#
#....######.#####
#.!....@........#
#....##J###.###.#
#.# ..KK #.# #.#
#.....#.# #.#
.........# #.#
###.....### #.#
#.....# #.#
###.### #.# #.##


You could see an endoplasm and 2 kobolds.

Vanquished Creatures
  2 goblins (D:1)
  2 frilled lizards (D:1)
4 creatures vanquished.

Notes
Turn   | Place    | Note
-------+----------+-------------------------------------------
     0 | D:1      | innerfire43 the Demonspawn Monk began the quest for the
                  | Orb.
     0 | D:1      | Reached XP level 1. HP: 18/18 MP: 1/1
    89 | D:1      | Frozen to death by an endoplasm

Illustrated notes

Levels and vault maps discovered:
D:1:      tarquinn_simple_flora_water_f, layout_loops_ring,
          shapermc_ecumenical_altar_petra

Action                     || total
---------------------------++-------
  Melee: Hand axe          ||     9
 Armour: Robe              ||     2
  Dodge: Dodged            ||     3

Table legend: (Time is in decaauts)
 A = Elapsed time spent in this place.
 B = Non-inter-level travel time spent in this place.
 C = Inter-level travel time spent in this place.
 D = Time resting spent in this place.
 E = Time spent auto-exploring this place.
 F = Levels seen in this place.
 G = Mean time per level.
                   A        B        C        D        E       F      G
               +--------+--------+--------+--------+--------+-----+--------+
         Total |     90 |     90 |      0 |      0 |     72 |   1 |   90.0 |
       Dungeon |     90 |     90 |      0 |      0 |     72 |   1 |   90.0 |
               +--------+--------+--------+--------+--------+-----+--------+

Top non-repeatable levels by time:
     D:1: 90 daAuts
